 Dungeon Crawl Stone Soup version 0.22-a0-515-g75794bf (webtiles) character file.

3430 Amnesiac the Covert (level 9, 0/42 HPs)
             Began as a Spriggan Monk on June 19, 2018.
             Was an Elder of Ru.
             Succumbed to a killer bee's poison
             ... on level 8 of the Dungeon.
             The game lasted 00:17:39 (7916 turns).

Amnesiac the Covert (Spriggan Monk)                 Turns: 7916, Time: 00:17:40

Health: 0/42       AC:  4    Str: 10    XL:     9   Next: 76%
Magic:  14/14      EV: 23    Int: 12    God:    Ru [****..]
Gold:   465        SH:  9    Dex: 18    Spells: 5/8 levels left

rFire    + . .     SeeInvis +   d - +2 dagger (venom)
rCold    . . .     Gourm    .   y - +2 buckler
rNeg     . . .     Faith    .   b - +0 robe
rPois    .         Spirit   .   (helmet restricted)
rElec    .         Reflect  .   (no cloak)
rCorr    .         Harm     .   (gloves unavailable)
MR       +....                  (boots unavailable)
Stlth    ++++......             (no amulet)
HPRegen  0.14/turn              A - ring of protection from fire
MPRegen  0.14/turn              w - +2 ring of protection

@: lethally poisoned (0 -> -2), very quick
A: very small, unfitting armour, see invisible, herbivore, speed 3, screaming 1,
slow metabolism 2, inability to train armour, unskilled 1, missing an eye
a: Draw Out Power, Power Leap, Renounce Religion


You were on level 8 of the Dungeon.
You worshipped Ru.
Ru was greatly pleased with you.
You were not hungry.

You visited 1 branch of the dungeon, and saw 8 of its levels.
You also visited: Sewer.

You collected 465 gold pieces.

Inventory:

Hand Weapons
 d - a +2 dagger of venom (weapon)
 s - the +6 whip "Jalodus" {pain, rPois Str+4, unknown}
   (You took it off a kobold on level 5 of the Dungeon)

   In the hands of one skilled in necromantic magic, it inflicts extra damage on
   living creatures.
   It affects your strength (+4).
   It protects you from poison.
Armour
 b - a +0 robe (worn)
 y - a +2 buckler (worn)
Jewellery
 j - an uncursed ring of ice
 w - a +2 ring of protection (right hand)
 A - a ring of protection from fire (left hand)
Wands
 q - a wand of iceblast (12)
 r - a wand of random effects (12)
 u - a wand of flame (19)
Scrolls
 e - 8 scrolls of remove curse {!r}
 f - 4 scrolls of teleportation {!r}
 g - a scroll of random uselessness {!r, unknown}
 i - 3 scrolls of identify {!r}
 l - 3 scrolls of amnesia {!r, unknown}
 n - a scroll of fear {!r, unknown}
 p - a scroll of magic mapping {!r, unknown}
Potions
 a - 5 potions of curing {!q}
 h - 3 potions of agility {!q, unknown}
 k - 2 potions of cancellation {!q}
 m - 5 potions of heal wounds {!q}
 o - 2 potions of haste {!q, unknown}
 t - a potion of ambrosia {!q, unknown}
 v - 4 potions of flight {!q, unknown}
 x - 2 potions of berserk rage {!q}
 z - a potion of might {!q}
Comestibles
 c - 6 rations


   Skills:
 - Level 2.1 Fighting
 - Level 8.1 Short Blades
 - Level 7.5 Dodging
 - Level 8.2 Stealth
 * Level 5.2 Shields
 - Level 6.0 Evocations


You had 5 spell levels left.
You knew the following spells:

 Your Spells              Type           Power        Failure   Level  Hunger
b - Passwall              Tmut/Erth      #.......     50%         2    ###....
z - Confusing Touch       Hex            #.....       36%         1    ##.....

Your spell library contained the following spells:

 Spells                   Type           Power        Failure   Level  Hunger
 Confuse                  Hex            #.......     75%         3    ####...
 Stone Arrow              Conj/Erth      #.....       75%         3    ####...
 Metabolic Englaciation   Hex/Ice        #.........   100%        5    ######.
 Lee's Rapid Deconstruct  Erth           #.........   100%        5    ######.
 Sandblast                Erth           #.....       36%         1    ##.....
 Petrify                  Tmut/Erth      #.......     98%         4    #####..
 Gell's Gravitas          Tloc           #.........   75%         3    ####...
 Yara's Violent Unravell  Hex/Tmut       #.........   100%        5    ######.


Dungeon Overview and Level Annotations

Branches:
Dungeon (8/15)             Temple (0/1) D:6
   Lair: D:8-11

Altars:
Ashenzari
Dithmenos
Kikubaaqudgha
Qazlal
Ru
Uskayaw
Zin

Shops:
D:4 (


Innate Abilities, Weirdness & Mutations

You are very small and have problems with some larger weapons.
You are too small for most types of armour.
You have supernaturally acute eyesight. (SInv)
You are a herbivore.
You cover ground extremely quickly.
You occasionally shout uncontrollably at your foes.
You need to consume almost no food.
You cannot train Armour skill.
You are somewhat unskilled. (-1 Apt)
You are missing an eye, making it more difficult to aim.


Message History

You feel your dexterity returning.
Your Shields skill gained 2 levels and is now at level 5!
Things that are here:
a giant spiked club x2; a two-headed ogre corpse You hear a distant blaring wail to the southeast.
You now have 465 gold pieces (gained 15).
Found a stone staircase leading down.
Found 15 stones.
A bullfrog comes into view.
A bullfrog is nearby!
Found a wide leatherbound book.
A killer bee comes into view. x2
Found a scroll labeled DIPOGY UMUDGHYA.
A killer bee comes into view.
The killer bee moves out of view.
A killer bee comes into view.
Found 24 gold pieces.
The killer bee buzzes angrily. x4; You hear an angry buzzing noise.
A killer bee comes into view. x2
You completely miss the killer bee. The killer bee misses you.
You block the killer bee's attack. You block the killer bee's attack.
The killer bee buzzes angrily.
The bullfrog gives a loud, deep croak!
You block the killer bee's attack.
A quokka comes into view.
You block the killer bee's attack.
You miss the killer bee. The killer bee stings you.
You are poisoned.
The killer bee poisons you! The killer bee misses you.
You feel sick.
You hit the killer bee.
The killer bee is poisoned.
The killer bee is lightly wounded.
You closely miss the killer bee.
The killer bee is moderately wounded.
You feel sick. You block the killer bee's attack.
The killer bee stings you but does no damage.
You closely miss the killer bee.
The killer bee is moderately wounded.
You block the killer bee's attack. The killer bee closely misses you.
You hit the killer bee but do no damage.
The killer bee looks as sick as possible!
The killer bee is moderately wounded.
You block the killer bee's attack. The killer bee stings you!
You feel sick.
You kill the killer bee!
Found 16 gold pieces.
You feel sick. The killer bee completely misses you.
You hit the killer bee.
The killer bee is poisoned.
The killer bee is lightly wounded.
The killer bee barely misses you. The killer bee stings you!
* * * LOW HITPOINT WARNING * * *
Put on which piece of jewellery? (? for menu, Esc to quit)
Okay, then.
Evoke which item? (* to show all) (? for menu, Esc to quit)
Okay, then.
Evoke which item? (* to show all) (? for menu, Esc to quit)
Aiming: Random Effects
Press: ? - help, Shift-Dir - straight line, f - killer bee
Aim: a killer bee The mass of ice explodes!
The iceblast engulfs the killer bee.
You kill the killer bee!
The iceblast engulfs you!
* * * LOW HITPOINT WARNING * * *
You die...

........####....................
...............#....†.#....:..$.
<...................r##.........
......................#.......$.
..#.........................###.
...............#yyy.........#
...#####...... ##.#.###.....#
..## .... ###.#.........# ...
#.@.####......# .## #.### $....
... .. ..... . ...#... .# #...
#... #...


You could see 2 killer bees and a quokka.

Vanquished Creatures
  A two-headed ogre (D:8)
  Grinder (D:6)
  An orc warrior (D:6)
  2 ice beasts
  A necrophage (D:7)
  A sky beast (D:6)
  3 ogres
  A phantom (D:5)
  3 centaurs
  2 big kobolds (Sewer)
  Blork the orc (D:4)
  3 bullfrogs
  3 scorpions
  2 killer bees (D:8)
  A howler monkey (D:8)
  A crimson imp (D:6)
  A quasit (D:8)
  3 jellies
  2 orc priests
  4 hounds
  A centaur skeleton (D:4)
  3 iguanas
  5 orc wizards
  2 worker ants
  Terence (D:2)
  A hound zombie (D:5)
  A hound skeleton (D:7)
  4 gnolls (D:4)
  5 adders
  2 shadow imps (D:5)
  2 oozes
  2 worms (D:3)
  2 dart slugs (D:2)
  6 leopard geckos
  32 orcs
  9 giant cockroaches
  16 goblins
  15 hobgoblins
  11 jackals
  2 quokkas
  5 ball pythons
  11 bats
  2 frilled lizards
  A jackal zombie (D:6)
  25 kobolds
  A leopard gecko skeleton (D:5)
  A quokka skeleton (D:4)
  9 rats
214 creatures vanquished.

Vanquished Creatures (others)
  A kobold (D:5)
1 creature vanquished.

Grand Total: 215 creatures vanquished

Notes
Turn   | Place    | Note
-------+----------+-------------------------------------------
     0 | D:1      | Amnesiac the Spriggan Monk began the quest for the Orb.
     0 | D:1      | Reached XP level 1. HP: 11/11 MP: 2/2
    67 | D:2      | Found a hide-covered altar of Uskayaw.
    68 | D:2      | Noticed a dagger
    68 | D:2      | Noticed a hand axe
   177 | D:3      | Reached XP level 2. HP: 16/16 MP: 3/3
   288 | D:3      | Found a sacrificial altar of Ru.
   296 | D:3      | Became a worshipper of Ru the Awakened
   323 | D:3      | Gained mutation: You are missing an eye, making it more difficult to aim. [Ru sacrifice]
   666 | D:1      | Reached XP level 3. HP: 19/19 MP: 4/4
  1144 | D:2      | Found a glowing silver altar of Zin.
  1504 | D:2      | Reached XP level 4. HP: 21/23 MP: 5/5
  1599 | D:2      | Noticed Terence
  1619 | D:2      | Killed Terence
  1619 | D:2      | Reached skill level 5 in Short Blades
  1619 | D:2      | Reached skill level 5 in Stealth
  2008 | D:3      | Reached XP level 5. HP: 22/27 MP: 6/6
  2535 | D:3      | Gained mutation: You occasionally shout uncontrollably at your foes. [Ru sacrifice]
  2535 | D:3      | Reached * piety under Ru
  3163 | D:4      | Found Utaodith's Antique Weapon Shoppe.
  3200 | D:4      | Reached XP level 6. HP: 32/32 MP: 7/7
  3736 | D:4      | Noticed Blork the orc
  3741 | D:4      | Killed Blork the orc
  4071 | D:5      | Entered Level 5 of the Dungeon
  4071 | D:5      | Found a stormy altar of Qazlal.
  4122 | D:5      | Reached XP level 7. HP: 27/35 MP: 8/8
  4310 | D:5      | Found an ancient bone altar of Kikubaaqudgha.
  4407 | D:5      | Got a sapphire whip {pain}
  4555 | D:5      | HP: 1/35 [iguana (15)]
  4588 | D:5      | Reached skill level 1 in Evocations
  5104 | D:5      | Gained mutation: You are somewhat unskilled. (-1 Apt) [Ru sacrifice]
  5104 | D:5      | Reached ** piety under Ru
  5104 | D:5      | Reached *** piety under Ru
  5447 | D:5      | Found a shadowy altar of Dithmenos.
  5877 | D:6      | Reached XP level 8. HP: 13/39 MP: 12/12
  5898 | D:6      | Noticed Grinder
  5924 | D:6      | Reached skill level 5 in Dodging
  5947 | D:6      | Killed Grinder
  6010 | D:6      | Found a shattered altar of Ashenzari.
  6098 | D:6      | Found a glowing drain.
  6122 | Sewer    | Entered a sewer
  6579 | D:6      | Noticed a two-headed ogre
  6622 | D:6      | Reached skill level 5 in Evocations
  6863 | D:6      | Found a staircase to the Ecumenical Temple.
  6931 | D:6      | Reached XP level 9. HP: 29/42 MP: 14/14
  6998 | D:6      | Reached skill level 1 in Shields
  7052 | D:6      | Gained mutation: You cannot train Armour skill. [Ru sacrifice]
  7052 | D:6      | Reached **** piety under Ru
  7326 | D:7      | Found a glowing silver altar of Zin.
  7712 | D:7      | Learned a level 2 spell: Passwall
  7762 | D:7      | Learned a level 1 spell: Confusing Touch
  7873 | D:8      | Killed a two-headed ogre
  7873 | D:8      | Reached skill level 5 in Shields
  7916 | D:8      | HP: 1/42 [shot self (13)]
  7916 | D:8      | Succumbed to a killer bee's poison

Vault maps used:
D:1:      erik_arrival_blinker_ship
D:2:      dancing_weapons_uskayaw, zin_academy, first_ration, uniq_terence
D:3:      nicolae_ru_path_of_blood
D:4:      serial_shops, kennysheep_mini_moat, uniq_blork_the_orc
D:5:      corexii_shantytown, lemuel_doored_altar, basic_altar,
          grunt_dithmenos_shadows
D:6:      ashenzari_altar_1, temple_green, cheibrodos_sewer_entry_sluice,
          uniq_grinder
D:7:      basic_altar
Sewer:    kennysheep_pipe_town

Skill      XL: |  1  2  3  4  5  6  7  8  9 |
---------------+----------------------------+-----
Short Blades   | 4 5 6 7 7 8 |  8.1
Stealth        | 4 5 6 7 7 8 |  8.2
Evocations     | 4 6 |  6.0
Dodging        | 7 |  7.5
Shields        | 5 |  5.2
Fighting       | |  2.1

Action                   |  1- 3 |  4- 6 |  7- 9 || total
-------------------------+-------+-------+-------++-------
Melee: Dagger            |   108 |   239 |   470 ||   817
       Short sword       |     7 |       |       ||     7
Invok: Sacrifice an Eye  |     1 |       |       ||     1
       Sacrifice Purity  |       |     1 |       ||     1
       Sacrifice Skill   |       |       |     1 ||     1
       Sacrifice Durabil |       |       |     1 ||     1
Evoke: Wand              |       |       |    31 ||    31
  Use: Potion            |     1 |     4 |       ||     5
       Scroll            |       |     1 |     4 ||     5
 Stab: Sleeping          |    11 |    11 |    23 ||    45
       Confused          |       |       |     3 ||     3
       Distracted        |       |       |     1 ||     1
  Eat: Ration            |       |     1 |     2 ||     3
Armor: Robe              |     6 |     9 |    18 ||    33
Dodge: Dodged            |    72 |   146 |   261 ||   479
Block: Buckler           |       |       |    36 ||    36

Table legend:
 A = Spawn XP
 B = Non-spawn XP
 C = Spawn XP percentage of total XP
 D = Spawn monster count
 E = Non-spawn monster count
 F = Spawn count percentage of total count
 G = Total turns spent on level
                    A         B        C        D         E        F      G
               +---------+---------+-------+---------+---------+-------+---------
         Total |       0 |    4900 |   0.0 |       0 |     214 |   0.0 |  7916
               +---------+---------+-------+---------+---------+-------+---------
           D:1 |       0 |      27 |   0.0 |       0 |      16 |   0.0 |   721
           D:2 |       0 |     119 |   0.0 |       0 |      26 |   0.0 |  1082
           D:3 |       0 |     145 |   0.0 |       0 |      31 |   0.0 |  1093
           D:4 |       0 |     398 |   0.0 |       0 |      15 |   0.0 |  1175
           D:5 |       0 |     699 |   0.0 |       0 |      42 |   0.0 |  1792
           D:6 |       0 |    1341 |   0.0 |       0 |      35 |   0.0 |   903
           D:7 |       0 |     601 |   0.0 |       0 |      13 |   0.0 |   545
           D:8 |       0 |    1328 |   0.0 |       0 |      12 |   0.0 |   153
         Sewer |       0 |     242 |   0.0 |       0 |      24 |   0.0 |   452
               +---------+---------+-------+---------+---------+-------+---------
